 Dungeon Crawl Stone Soup version 0.31-a0-1074-g0b22e4e0f1 (webtiles) character file.

Game seed: 12313809377125546556

50 IdlyInterested the Changeling (level 3, -6/26 HPs)
             Began as a Demonspawn Shapeshifter on Dec 1, 2023.
             Mangled by a mummy (15 damage)
             ... on level 3 of the Dungeon.
             The game lasted 00:03:25 (1269 turns).

IdlyInterested the Changeling (DsSh)                Turns: 1269, Time: 00:03:25

Health: -6/26      AC:  6    Str: 14    XL:     3   Next: 55%
Magic:  3/3        EV:  9    Int: 11    God:
Gold:   93         SH:  0    Dex: 14    Spells: 2/2 levels left

rFire   . .          .
                       - Unarmed
rCold   . . .        (no shield)
rNeg    . . .        p - +0 scale mail
rPois   .            (helmet currently unavailable)
rElec   .            (cloak currently unavailable)
rCorr   .            (gloves currently unavailable)
SInv    +            (boots currently unavailable)
Will    .....        (no amulet) Stlth
                     e - ring of see invisible
HPRegen 0.24/turn    (no ring)
MPRegen 0.08/turn

%: no passive effects
@: beast-form
A: beast (slay +1), claws 1, foul stench 1
a: Begin Untransformation


You were on level 3 of the Dungeon.
You were a hulking beast.
You visited 1 branch of the dungeon, and saw 3 of its levels.

You collected 93 gold pieces.

Inventory:

Hand Weapons
 i - a +0 short sword
Armour
 k - a +0 robe
 n - a +0 buckler
 o - a +0 leather armour
 p - a +0 scale mail (worn)
Magical Staves
 l - a staff of poison
Jewellery
 e - a ring of see invisible (left claw)
Talismans
 c - a beast talisman
 d - a flux talisman
Scrolls
 a - a scroll of fear {unknown}
 g - a scroll of identify {unknown}
 m - 3 scrolls of acquirement {unknown}
Potions
 b - 2 potions of lignification
 f - 2 potions of heal wounds {unknown}
 h - a potion of resistance {unknown}
 j - a potion of invisibility {unknown}
 q - 2 potions of curing {unknown}


   Skills:
 + Level 1.6 Fighting
 - Level 2.0 Dodging
 * Level 3.2 Unarmed Combat
 * Level 3.2 Shapeshifting


You had 2 spell levels left.
You didn't know any spells.
Your spell library was empty.

Dungeon Overview and Level Annotations

Branches:
Dungeon (2/15)

Altars:
Cheibriados
Gozag

Shops:
D:1 [


Innate Abilities, Weirdness & Mutations

You are a hulking beast.
Your limbs bulge with bestial killing power. (Slay +1)
You have sharp fingernails.
You may rarely emit foul miasma when damaged in melee.


Message History

You see here a bat corpse.
Found a stone staircase leading down.
A frilled lizard comes into view.
The frilled lizard hisses angrily.
The frilled lizard barely misses you.
You scratch the frilled lizard.
You kill the frilled lizard!
A goblin comes into view. It is wielding a +0 dagger.
Found a stone staircase leading down.
The goblin shouts!
The goblin unwields a +0 dagger.
The goblin wields a +0 sling.
The goblin shoots a sling bullet.
The sling bullet misses you.
A goblin is nearby!
The goblin shoots a sling bullet.
The sling bullet barely misses you.
The goblin shoots a sling bullet.
The sling bullet closely misses you.
The goblin shoots a sling bullet.
The sling bullet hits you.
The goblin shoots a sling bullet.
The sling bullet hits you.
The goblin shoots a sling bullet.
The sling bullet hits you.
The goblin unwields a +0 sling.
The goblin wields a +0 dagger.
The goblin barely misses you.
You barely miss the goblin. You barely miss the goblin.
The goblin hits you but does no damage.
You scratch the goblin.
You kill the goblin!
Things that are here:
a +0 dagger; a +0 sling A mummy comes into view.
Found a snail-covered altar of Cheibriados.
You barely miss the mummy. Your claw misses the mummy. You scratch the mummy.
The mummy is lightly damaged.
The mummy hits you!
Ouch! That really hurt!
You scratch the mummy.
The mummy is lightly damaged.
You scratch the mummy.
The mummy is moderately damaged.
The mummy hits you!
Ouch! That really hurt!
You die...

#.†.## ####.....###..#
#....##
............#.###.##..#
#.................###.##
......_.................
........................
............#######.....
#...M.# #########..#.
#...h.# #.....####.#.
#.....###............
....##.##........#######
... #. #........####...
. ..............)...>##
.###################


You could see a mummy.

Vanquished Creatures
  A worm (D:2)
  3 dart slugs
  5 ball pythons
  7 bats
  2 endoplasms
  3 goblins
  5 hobgoblins
  3 quokkas
  4 frilled lizards
  2 kobolds (D:1)
  4 rats (D:1)
39 creatures vanquished.

Notes
Turn   | Place    | Note
-------+----------+-------------------------------------------
     0 | D:1      | IdlyInterested the Demonspawn Shapeshifter began the quest
                  | for the Orb.
     0 | D:1      | Reached XP level 1. HP: 15/15 MP: 1/1
    69 | D:1      | Gained mutation: You have sharp fingernails. [demonic
                  | ancestry]
    69 | D:1      | Reached XP level 2. HP: 21/21 MP: 2/2
   531 | D:1      | Found Qeakuxiq's Armour Shoppe.
   557 | D:1      | Gained mutation: You may rarely emit foul miasma when
                  | damaged in melee. [demonic ancestry]
   557 | D:1      | Reached XP level 3. HP: 26/26 MP: 3/3
   708 | D:2      | Found an opulent altar of Gozag.
  1174 | D:2      | You fall into a shaft and drop 1 floor!
  1262 | D:3      | Found a snail-covered altar of Cheibriados.
  1269 | D:3      | Mangled by a mummy

Illustrated notes

Levels and vault maps discovered:
D:1:      eino_arrival_water_cross, layout_loops_ring, serial_shops, shop
D:2:      layout_basic, basic_altar
D:3:      cheibrodos_old_hovel, layout_rooms, kennysheep_okawaru_gauntlet,
          slow_altar_1

Skill      XL: |  1  2 |
---------------+-------+-----
Dodging        | 2 |  2.0
Shapeshifting  | 3 |  3.2
Unarmed Combat | 3 |  3.2
Fighting       | |  1.6

Action                     || total
---------------------------++-------
  Melee: Unarmed           ||   100
         Punch             ||     4
 Armour: Animal skin       ||     6
         Robe              ||    22
         Scale mail        ||    15
         Leather armour    ||     1
  Dodge: Dodged            ||    51

Table legend: (Time is in decaauts)
 A = Elapsed time spent in this place.
 B = Non-inter-level travel time spent in this place.
 C = Inter-level travel time spent in this place.
 D = Time resting spent in this place.
 E = Time spent auto-exploring this place.
 F = Levels seen in this place.
 G = Mean time per level.
                   A        B        C        D        E       F      G
               +--------+--------+--------+--------+--------+-----+--------+
         Total |   1262 |   1246 |     16 |     26 |    844 |   3 |  420.7 |
       Dungeon |   1262 |   1246 |     16 |     26 |    844 |   3 |  420.7 |
               +--------+--------+--------+--------+--------+-----+--------+

Top non-repeatable levels by time:
     D:1: 698 daAuts
     D:2: 469 daAuts
     D:3: 93 daAuts
